AoeStats
← gazza17

Arena

517518651Analyzed
4v4 RM · 7d ago on Oct 30, 2026· 54m 38s· 8 players
Game mode
Random Map
Map size
Large (8 player)
Population
200
Speed
Normal
Resources
Standard
Victory
Conquest
Starting age
Dark Age
Ending age
Imperial Age
RankedLock teamsTeams togetherTeam positionsShared explorationLock speedFull tech treeHidden civsTurbo modeCheats
Victory
Defeat
🇫🇷 Spanish · France
1046
+16
🇫🇷 Khmer · France
1029
+17
🇩🇿 Britons · Algeria
1004
+18
🇩🇿 Aztecs · Algeria
976
+19
vs
🇺🇸 Slavs · United States
1051
-18
🇬🇧 Bohemians · United Kingdom
1050
-18
🇩🇪 Turks · Germany
1046
-17
🇮🇹 Romans · Italy
1023
-17
gazza17
10:45 Feudal Age
12:26 Loom
15:25 Castle Age
13:51 Double-Bit Axe
13:55 Horse Collar
16:40 Bow Saw
20:05 Chemistry
24:50 Wheelbarrow
24:52 Padded Archer Armor
28:35 Elite Skirmisher
29:34 Leather Archer Armor
36:25 Imperial Age
35:00 Ballistics
34:33 Fletching
37:27 Hand Cart
38:59 Ring Archer Armor
38:24 Bodkin Arrow
40:59 Bracer
45:20 Heavy Plow
Brazy_Boy4
0:41 Loom
11:44 Feudal Age
12:27 Double-Bit Axe
13:04 Stone Mining
17:39 Castle Age
17:56 Horse Collar
19:19 Heavy Plow
20:19 Wheelbarrow
21:35 Bloodlines
21:42 Forging
24:48 Gold Mining
27:30 Iron Casting
28:07 Scale Barding Armor
35:37 Imperial Age
33:46 Chain Barding Armor
35:23 Hand Cart
36:53 Fletching
39:59 Plate Barding Armor
40:58 Chemistry
40:10 Elite Boyar
43:05 Detinets
43:37 Bow Saw
43:10 Onager
45:54 Blast Furnace
45:57 Town Watch
47:40 Siege Engineers
48:08 Bodkin Arrow
Renesis
9:58 Feudal Age
14:06 Castle Age
12:19 Double-Bit Axe
12:15 Horse Collar
14:59 Wheelbarrow
15:15 Heavy Plow
16:21 Loom
22:37 Bow Saw
22:41 Stone Mining
24:27 Hand Cart
28:03 Ballistas
30:39 Imperial Age
28:23 Gold Mining
30:37 Town Watch
31:21 Town Patrol
31:35 Guilds
31:33 Siege Engineers
32:12 Gold Shaft Mining
31:16 Heavy Scorpion
32:18 Conscription
32:47 Crop Rotation
34:35 Chemistry
34:14 Squires
33:36 Pikeman
34:57 Ballistics
35:16 Man-at-Arms
35:16 Halberdier
36:49 Long Swordsman
37:41 Forging
37:31 Scale Mail Armor
40:04 Iron Casting
39:44 Chain Mail Armor
42:04 Legionary
45:49 Blast Furnace
47:48 Comitatenses
46:52 Elite Centurion
TA388959
11:12 Feudal Age
11:41 Double-Bit Axe
11:41 Horse Collar
18:07 Castle Age
16:27 Stone Mining
18:33 Fletching
19:48 Loom
25:08 Heavy Plow
25:45 Bodkin Arrow
28:13 Bow Saw
30:08 Wheelbarrow
33:40 Imperial Age
31:44 Ballistics
31:20 Murder Holes
31:56 Guard Tower
32:26 Bloodlines
33:03 Scale Barding Armor
33:08 Forging
32:56 Gold Mining
34:08 Chain Barding Armor
33:54 Husbandry
35:07 Bombard Tower
35:24 Keep
36:07 Arrowslits
36:41 Fortified Wall
37:26 Plate Barding Armor
39:14 Heavy Camel Rider
46:39 Two-Man Saw
Obi_Wan_Kenobi
8:39 Loom
11:42 Feudal Age
13:01 Double-Bit Axe
12:57 Horse Collar
15:25 Wheelbarrow
18:06 Castle Age
16:33 Gold Mining
25:12 Stone Mining
26:05 Bloodlines
31:45 Imperial Age
30:49 Husbandry
31:00 Scale Barding Armor
31:06 Forging
33:31 Chemistry
31:54 Cavalier
33:38 Bow Saw
34:03 Heavy Plow
34:26 Chain Barding Armor
34:42 Iron Casting
36:02 Conscription
36:33 Hand Cart
36:05 Town Watch
37:28 Plate Barding Armor
37:54 Blast Furnace
36:59 Paladin
41:21 Onager
42:34 Light Cavalry
43:14 Hussar
2Pac***Shakur****
11:46 Loom
13:32 Feudal Age
17:11 Castle Age
17:52 Castle Age
15:55 Double-Bit Axe
15:52 Horse Collar
18:18 Pikeman
21:44 Bow Saw
21:36 Heavy Plow
22:02 Gold Mining
26:10 Wheelbarrow
29:52 Hand Cart
34:11 Imperial Age
33:19 Gold Shaft Mining
32:36 Stone Mining
35:33 Crop Rotation
35:44 Stone Shaft Mining
36:30 Heavy Scorpion
38:01 Town Watch
46:58 Chemistry
48:51 Double Crossbow
49:11 Conscription
joe_ten
12:15 Feudal Age
16:10 Castle Age
14:53 Gold Mining
15:13 Double-Bit Axe
15:34 Horse Collar
17:28 Bow Saw
18:30 Crossbowman
21:38 Wheelbarrow
21:46 Fletching
21:57 Padded Archer Armor
23:42 Ballistics
23:33 Masonry
24:24 Heavy Plow
25:26 Bodkin Arrow
28:13 Leather Archer Armor
33:13 Imperial Age
34:25 Bracer
34:56 Ring Archer Armor
35:31 Chemistry
34:00 Arbalester
39:56 Onager
41:08 Conscription
43:57 Yeomen
45:03 Siege Engineers
Skerlitz
10:17 Loom
12:02 Feudal Age
11:03 Loom
11:30 Loom
13:56 Double-Bit Axe
16:40 Castle Age
15:02 Horse Collar
15:17 Gold Mining
18:58 Bow Saw
19:14 Man-at-Arms
24:56 Eagle Warrior
26:24 Heavy Plow
28:49 Wheelbarrow
32:07 Imperial Age
30:35 Gold Shaft Mining
29:50 Stone Mining
30:07 Scale Mail Armor
30:17 Forging
31:33 Squires
32:19 Treadmill Crane
33:10 Chain Mail Armor
33:32 Iron Casting
32:55 Elite Eagle Warrior
34:31 Garland Wars
34:55 Hand Cart
35:19 Conscription
35:33 Town Watch
36:22 Plate Mail Armor
36:00 Pikeman
38:23 Blast Furnace
37:59 Crop Rotation
38:27 Town Patrol
38:25 Arson
38:43 Fletching
38:53 Padded Archer Armor
39:38 Siege Engineers
41:38 Long Swordsman
42:03 Gambesons
42:37 Leather Archer Armor
42:18 Bodkin Arrow
42:51 Onager
44:38 Chemistry
44:32 Two-Handed Swordsman
49:02 Ballistics
48:46 Siege Onager
50:35 Champion
Connection lost

Rejoining the realm…

Still unreachable

The connection could not be restored.

Session expired

The server has moved on; the page needs a fresh start.